Map: Polka LE

Players

tuberculum

  • Race: Protoss Protoss
  • League: Diamond
  • Spawn Location: 11:00

MASCHTER

  • Race: Terran Terran
  • Spawn Location: 11:00

Massa - Winner!

  • Race: Terran Terran
  • League: Platinum
  • Spawn Location: 5:00

qqq - Winner!

  • Race: Zerg Zerg
  • League: Platinum
  • Spawn Location: 5:00

VOD

Have the link to the VOD?

Description

Time

  • Played on: Jan. 18, 2021, 12:37 p.m.
  • Length: 3:56
Show
View Real Time Build Order
Export as new Build Order

tuberculum Protoss 

Build Orders: 1 Gate Expand 

Get SALT Encoding   

  12  0:00  Probe  
  13  0:12  Probe  
  14  0:18  Pylon  
  14  0:24  Probe  
  15  0:37  Probe  
  15  0:42  Gateway  
  16  0:49  Probe  
  17  0:51  Assimilator  
  17  1:01  Probe  
  18  1:14  Probe  
  19  1:26  Probe  
  20  1:38  Probe  
  21  1:43  Nexus  
  21  1:50  Probe  
  22  1:56  Cybernetics Core  
  21  2:02  Probe  
  22  2:09  Pylon  
  22  2:14  Probe, Assimilator  
  23  2:27  Probe (Chrono Boost)  
  24  2:36  Sentry  
  24  2:37  Probe (Chrono Boost)  
  27  2:41  Probe (Chrono Boost)  
  28  2:53  Probe  
  28  2:55  Probe  
  30  3:02  Twilight Council, Stalker  
  30  3:05  Probe  
  33  3:07  Probe  
  33  3:10  Pylon  
  34  3:17  Probe  
  37  3:38  Gateway  
  37  3:39  Gateway  
  37  3:43  Probe  
Show
View Real Time Build Order
Export as new Build Order

MASCHTER Terran 

Build Orders: Gas First Reaper Expand 

Get SALT Encoding   

  12  0:00  SCV  
  13  0:12  SCV  
  14  0:22  Supply Depot  
  14  0:25  SCV  
  15  0:29  Refinery  
  15  0:45  Barracks  
  15  1:01  SCV  
  16  1:18  SCV  
  17  1:32  Orbital Command  
  17  1:40  Command Center  
  17  1:42  Reaper  
  18  1:55  Barracks  
  18  1:58  SCV  
  19  2:08  Factory  
  19  2:19  Marine  
  19  2:22  SCV  
  21  2:34  SCV  
  21  2:35  Refinery  
  21  2:36  Engineering Bay  
  22  2:42  Marine  
  23  2:45  Barracks Tech Lab  
  23  2:51  SCV  
  23  2:53  Orbital Command  
  23  2:56  Factory Tech Lab  
  24  3:10  Marine x2  
  26  3:24  Bunker  
Show
View Real Time Build Order
Export as new Build Order

Massa Terran - Winner!

Build Orders:  

Get SALT Encoding   

  12  0:01  SCV  
  13  0:13  SCV  
  14  0:18  Supply Depot  
  14  0:25  SCV  
  15  0:39  SCV  
  15  0:40  Barracks  
  16  0:47  Refinery  
  16  0:55  SCV  
  17  1:07  SCV  
  17  1:10  Barracks  
  18  1:19  SCV  
  19  1:28  Marine  
  19  1:31  SCV  
  19  1:32  Barracks  
  21  1:42  Supply Depot  
  21  1:46  SCV  
  22  1:50  Marine  
  23  2:03  Marine  
  23  2:07  Supply Depot  
  23  2:08  Marine  
  25  2:21  Reaper, Marine  
  27  2:26  Marine  
  28  2:39  Reaper  
  28  2:44  Reaper, Orbital Command  
  30  2:52  Marine  
  31  3:10  Marine  
  31  3:11  Marine  
  33  3:15  Marine  
  34  3:28  Marine  
  34  3:33  Marine  
Show
View Real Time Build Order
Export as new Build Order

qqq Zerg - Winner!

Build Orders: 1 Base Baneling Bust, Pool First 

Get SALT Encoding   

  12  0:04  Drone  
  13  0:16  Drone  
  13  0:19  Overlord  
  14  0:26  Extractor  
  13  0:40  Spawning Pool  
  13  0:42  Drone  
  13  0:47  Drone  
  14  0:57  Drone  
  15  0:59  Drone  
  16  1:15  Drone x2  
  18  1:33  Zergling x2  
  18  1:34  Metabolic Boost  
  18  1:37  Zergling x2  
  20  1:45  Queen  
  22  1:51  Overlord  
  22  2:02  Zergling x2, Baneling Nest  
  22  2:10  Zergling x2  
  23  2:20  Zergling x2  
  24  2:30  Zergling x2  
  24  2:42  Drone  
  25  2:48  Hatchery  
  24  2:51  Zergling x2  
  24  2:56  Zergling x2  
  26  2:59  Overlord  
  26  3:10  Zergling x4  
  28  3:16  Zergling x2  
  29  3:25  Zergling x6  
  29  3:39  Zergling x4  
Tags
 
Add a new tag
Caveats
  • Supply blocks, unpowered buildings, or Contaminate may cause inaccurate times.
  • Supply counts are checked every 10 seconds.